 Dungeon Crawl Stone Soup version 0.30.0-15-g856e2d3f33 (webtiles) character file.

Game seed: 11412579346149305096

330 GloriousHammer the Trooper (level 6, 0/67 HPs)
             Began as an Ogre Cinder Acolyte on May 20, 2023.
             Was a High Priest of Ignis.
             Slain by a gnoll
             ... wielding a +0 whip
             ... led by a gnoll bouda
              (3 damage)
             ... on level 3 of the Dungeon.
             The game lasted 00:07:12 (4140 turns).

GloriousHammer the Trooper (Ogre Cinder Acolyte)    Turns: 4140, Time: 00:07:12

Health: 0/67       AC: 10    Str: 19    XL:     6   Next: 51%
Magic:  11/11      EV:  9    Int: 17    God:    Ignis [*****.]
Gold:   81         SH:  0    Dex:  4    Spells: 6/11 levels left

rFire   + . .        a - -1 mace (flame)
rCold   . . .        (no shield)
rNeg    . . .        d - +0 robe
rPois   .            (helmet restricted)
rElec   .            j - scarf {repulsion}
rCorr   .            (gloves unavailable)
SInv    +            (boots unavailable)
Will    .....        c - amulet of magic regeneration
Stlth   +            v - ring of see invisible
HPRegen 0.31/turn    (no ring)
MPRegen 0.52/turn

%: repel missiles
@: fiery-armoured
A: large, unfitting armour, tough skin 1
a: Renounce Religion, Fiery Armour, Foxfire Swarm, Rising Flame


You were on level 3 of the Dungeon.
You worshipped Ignis.
Ignis was extremely pleased with you.
You visited 1 branch of the dungeon, and saw 3 of its levels.

You collected 81 gold pieces.

Inventory:

Hand Weapons
 a - a -1 mace of flaming (weapon)
 b - a +0 sling
Missiles
 l - 5 poisoned darts
 x - 3 throwing nets
 y - 6 javelins
 z - 6 atropa-tipped darts
 A - 5 boomerangs
Armour
 d - a +0 robe (worn)
 j - a scarf of repulsion (worn)
Jewellery
 c - an amulet of magic regeneration (around neck)
 v - a ring of see invisible (left hand)
 F - a ring of protection from fire
Wands
 u - a wand of mindburst (13)
Scrolls
 g - 6 scrolls of identify {unknown}
 i - a scroll of enchant armour {unknown}
 k - a scroll of teleportation {unknown}
 m - a scroll of summoning {unknown}
 r - 3 scrolls of fear {unknown}
 w - a scroll of acquirement {unknown}
Potions
 e - 3 potions of ambrosia {unknown}
 f - a potion of resistance
 h - 5 potions of curing {unknown}
 n - a potion of magic {unknown}
 o - a potion of flight {unknown}
 p - a potion of lignification {unknown}
 q - 2 potions of might {unknown}
 s - a potion of attraction {unknown}
 t - a potion of mutation {unknown}
 B - a potion of heal wounds {unknown}


   Skills:
 + Level 5.6 Fighting
 + Level 3.8 Maces & Flails
 + Level 3.4 Spellcasting
 + Level 3.9 Fire Magic
 + Level 1.2 Ice Magic


You had 6 spell levels left.
You knew the following spells:

 Your Spells              Type           Power      Damage    Failure   Level
a - Scorch                Fire           32%        2d6       4%          2
b - Ozocubu's Armour      Ice            7%         N/A       30%         3

Your spell library contained the following spells:

 Spells                   Type           Power      Damage    Failure   Level
 Ozocubu's Refrigeration  Ice            3%         4d8       100%        7


Dungeon Overview and Level Annotations

Branches:
Dungeon (3/15)

Altars:
Okawaru
Ru
Uskayaw
Xom

Shops:
D:1 [*


Innate Abilities, Weirdness & Mutations

You are too large for most types of armour.
You have tough skin. (AC +1)


Message History

You sock the hobgoblin! You burn the hobgoblin.
You kill the hobgoblin!
You closely miss the goblin. The goblin closely misses you.
The goblin hits you with a +0 dagger.
You closely miss the goblin. The goblin hits you with a +0 dagger.
You barely miss the goblin. The goblin hits you but does no damage.
You sock the goblin! You burn the goblin.
You kill the goblin!
Items here: )))) [[ †††††.
r - 3 scrolls labelled CAREYC NALIRGHO (gained 1)
Things that are here:
a +0 club; a +0 sling; a goblin corpse
y - 6 javelins
Found a stone staircase leading down.
There is a stone staircase leading down here.
An endoplasm comes into view.
The endoplasm quivers.
Casting: Scorch (safe; 5% risk of failure)
Confirm with . or Enter, or press ? or * to list all spells.
You miscast Scorch.
You are very lightly contaminated with residual magic.
Nothing appears to happen.
The endoplasm freezes you.
You are frozen.
You hit the endoplasm. You burn the endoplasm.
You kill the endoplasm!
Your magical contamination has completely faded away.
z - 6 atropa-tipped darts
Found a helmet.
A goblin comes into view. It is wielding a +0 dagger.
The goblin shouts!
Casting: Scorch (safe; 5% risk of failure)
Confirm with . or Enter, or press ? or * to list all spells.
Flames lash the goblin.
You kill the goblin!
You see here a +0 dagger.
A - 5 boomerangs
g - 6 scrolls labelled PYES VOJEY (gained 1)
B - an amethyst potion
Found a stone staircase leading down.
There is a stone staircase leading down here.
A goblin comes into view. It is wielding a +0 club.
The goblin shouts!
A goblin is nearby!
Casting: Scorch (safe; 5% risk of failure)
Confirm with . or Enter, or press ? or * to list all spells.
Flames lash the goblin.
You kill the goblin!
You see here a +0 club.
You see here a +0 club.
You now have 70 gold pieces (gained 8).
A ball python comes into view.
The ball python hisses angrily.
A ball python is nearby!
Casting: Scorch (safe; 5% risk of failure)
Confirm with . or Enter, or press ? or * to list all spells.
Flames lash the ball python.
You kill the ball python!
You see here a ball python corpse.
Found a robe.
A hobgoblin comes into view.
A hobgoblin is nearby!
The hobgoblin closely misses you.
Casting: Scorch (safe; 5% risk of failure)
Confirm with . or Enter, or press ? or * to list all spells.
Flames lash the hobgoblin.
The hobgoblin is almost dead.
The hobgoblin's fire resistance burns away.
The hobgoblin hits you.
A hobgoblin is nearby!
A hobgoblin is nearby!
You sock the hobgoblin! You burn the hobgoblin.
You kill the hobgoblin!
A worm comes into view.
Found 11 gold pieces.
A worm is nearby!
Casting: Scorch (safe; 5% risk of failure)
Confirm with . or Enter, or press ? or * to list all spells.
Flames lash the worm.
The worm is heavily wounded.
The worm's fire resistance burns away.
Casting: Scorch (safe; 5% risk of failure)
Confirm with . or Enter, or press ? or * to list all spells.
Flames lash the worm.
The worm is burned terribly!
You kill the worm!
Casting: Scorch (safe; 5% risk of failure)
Confirm with . or Enter, or press ? or * to list all spells.
You can't see any susceptible monsters within range! (Use Z to cast anyway.)
You see here a worm corpse.
You now have 81 gold pieces (gained 11).
You see here a worm corpse.
You see here a +0 robe.
You open the door. 4 gnolls and a kobold come into view.
The gnoll shouts! x4; You hear a shout! x2
Found a +0 spectral short sword.
Found an iron altar of Okawaru.
There are monsters nearby!
There are monsters nearby!
You barely miss the gnoll.
The gnoll hits you from afar with a +0 spear.
The gnoll hits you but does no damage. The gnoll attacks as you move away!
The gnoll hits you with a +0 club.
Casting: Scorch (safe; 5% risk of failure)
Confirm with . or Enter, or press ? or * to list all spells.
Flames lash the gnoll.
The gnoll is moderately wounded.
The gnoll's fire resistance burns away.
The gnoll closely misses you.
A gnoll bouda comes into view. It is wielding a +0 whip.
Casting: Scorch (safe; 5% risk of failure)
Confirm with . or Enter, or press ? or * to list all spells.
Flames lash the gnoll.
The gnoll is heavily wounded.
The gnoll's fire resistance burns away.
The gnoll hits you from afar with a +0 spear.
The gnoll hits you with a +0 club.
Casting: Scorch (safe; 5% risk of failure)
Confirm with . or Enter, or press ? or * to list all spells.
Flames lash the gnoll bouda.
The gnoll bouda is lightly wounded.
The gnoll bouda's fire resistance burns away.
The gnoll hits you from afar with a +0 spear.
The gnoll bouda gazes fiercely through you!
You feel your attacks grow feeble. The gnoll hits you with a +0 club.
A protective cloak of flame settles atop you.
The gnoll is no longer more vulnerable to fire.
A gnoll comes into view. It is wielding a +0 halberd.
The gnoll hits you from afar with a +0 spear.
The gnoll completely misses you.
You hit the gnoll. You burn the gnoll.
The gnoll is heavily wounded.
The gnoll bouda is no longer more vulnerable to fire.
The gnoll misses you.
The gnoll hits you from afar with a +0 spear!
You closely miss the gnoll.
The gnoll is heavily wounded.
The gnoll is no longer more vulnerable to fire.
The gnoll closely misses you. The gnoll hits you but does no damage.
The gnoll is burned by your cloak of flames.
The gnoll is severely wounded.
You barely miss the gnoll.
The gnoll is severely wounded.
The gnoll hits you but does no damage.
The gnoll is burned by your cloak of flames.
You kill the gnoll!
The gnoll hits you from afar with a +0 spear.
The gnoll barely misses you.
Things that are here:
a +0 club; a gnoll corpse Unknown command.
You hit the gnoll. You burn the gnoll.
The gnoll is severely wounded.
The gnoll hits you but does no damage. x2
The gnoll is burned by your cloak of flames.
You kill the gnoll!
The gnoll closely misses you.
You closely miss the kobold.
Your attacks no longer feel as feeble.
The gnoll hits you but does no damage. The kobold closely misses you.
You completely miss the kobold. The kobold hits you but does no damage.
The kobold is burned by your cloak of flames.
You kill the kobold!
The gnoll hits you from afar with a +0 halberd.
You sock the gnoll! You burn the gnoll.
The gnoll is almost dead.
The gnoll misses you.
You hit the gnoll bouda but do no damage.
The gnoll bouda is lightly wounded.
The gnoll closely misses you.
The gnoll bouda hits you but does no damage.
The gnoll bouda is burned by your cloak of flames.
The gnoll bouda is moderately wounded.
The gnoll barely misses you.
You hit the gnoll bouda but do no damage.
The gnoll bouda is moderately wounded.
The gnoll bouda hits you but does no damage.
The gnoll bouda is burned by your cloak of flames.
The gnoll bouda is heavily wounded.
The gnoll closely misses you.
You hit the gnoll bouda. You burn the gnoll bouda.
The gnoll bouda is severely wounded.
The gnoll bouda hits you but does no damage.
The gnoll bouda is burned by your cloak of flames.
The gnoll bouda is almost dead.
The gnoll hits you from afar with a +0 halberd.
You hit the gnoll bouda but do no damage.
The gnoll bouda is almost dead.
The gnoll bouda barks out a call to the hunt!
The gnolls pick up the pace!
The gnoll hits you from afar with a +0 halberd.
You hit the gnoll bouda but do no damage.
The gnoll bouda is almost dead.
The gnoll bouda hits you with a +0 whip!
* * * LOW HITPOINT WARNING * * *
The gnoll bouda is burned by your cloak of flames.
You kill the gnoll bouda!
The gnoll hits you from afar with a +0 halberd!
* * * LOW HITPOINT WARNING * * *
The gnoll hits you with a +0 whip.
You die...

# #############.# #
#.............# #
#.#############
#########.# #.......#.#
#.#####.#.####### #.#
#.#.......# ###.. #.##
#.#......###g....# ...#
#.##.###..@gg)_..#
...####....###.###.....#
.....##.#......# ###..
####.#####.######
#.....>.........#
#.##.#####.###### #.##.#
#.# #.##.#####.#
#..........#


You could see 3 gnolls.

Vanquished Creatures
  An iguana (D:2)
  Natasha (thrice) (D:2)
  Terence (D:2)
  A gnoll bouda (D:3)
  Robin (D:3)
  9 gnolls (D:3)
  An adder (D:2)
  A dart slug (D:3)
  A worm (D:3)
  7 bats
  6 endoplasms
  3 giant cockroaches
  11 goblins
  10 hobgoblins
  2 jackals (D:2)
  6 quokkas
  10 ball pythons
  7 frilled lizards
  6 kobolds
  5 rats (D:1)
92 creatures vanquished.

Notes
Turn   | Place    | Note
-------+----------+-------------------------------------------
     0 | D:1      | GloriousHammer the Ogre Cinder Acolyte began the quest for
                  | the Orb.
     0 | D:1      | Reached XP level 1. HP: 24/24 MP: 2/2
   236 | D:1      | Reached XP level 2. HP: 31/32 MP: 2/4
   260 | D:1      | Learned a level 2 spell: Scorch
   466 | D:1      | Found Inaxir's Antique Armour Emporium.
   588 | D:1      | Reached XP level 3. HP: 40/40 MP: 2/5
   669 | D:1      | Found Ypatifet's Assorted Antiques.
  1036 | D:2      | Reached XP level 4. HP: 19/49 MP: 4/7
  1159 | D:2      | Noticed Terence
  1164 | D:2      | Killed Terence
  1319 | D:2      | Noticed Natasha
  1327 | D:2      | Killed Natasha
  1328 | D:2      | Reached skill level 5 in Fighting
  1328 | D:2      | Reached XP level 5. HP: 35/57 MP: 4/9
  1565 | D:2      | Found a sacrificial altar of Ru.
  1884 | D:2      | Learned a level 3 spell: Ozocubu's Armour
  2010 | D:2      | Found a faded altar of an unknown god.
  2200 | D:2      | Noticed Natasha
  2207 | D:2      | Killed Natasha
  2508 | D:2      | Noticed Natasha
  2512 | D:2      | Killed Natasha
  2573 | D:2      | Found a faded altar of an unknown god.
  2765 | D:2      | Found a sacrificial altar of Ru.
  3209 | D:3      | Found a shimmering altar of Xom.
  3273 | D:3      | Reached XP level 6. HP: 62/66 MP: 7/10
  3387 | D:3      | Reached skill level 1 in Ice Magic
  3667 | D:3      | Found a hide-covered altar of Uskayaw.
  3684 | D:3      | Noticed Robin
  3693 | D:3      | Killed Robin
  4121 | D:3      | Found an iron altar of Okawaru.
  4140 | D:3      | HP: 3/67 [gnoll/+0 halberd[a gnoll bouda] (10)]
  4140 | D:3      | Slain by a gnoll

Illustrated notes

Levels and vault maps discovered:
D:1:      beargit_arrival_greenhouse, layout_loops_ring, serial_shops,
          nicolae_diamond_shop, nicolae_shop_trees,
          minmay_misc_feat_secret_circle
D:2:      layout_basic, basic_altar, ebering_ecumenical_altar_petrified,
          chequers_serial_rivers_micro_a, dreamdust_princess_corridor,
          grunt_ministairs_15, uniq_natasha, uniq_terence
D:3:      layout_basic, nicolae_uskayaw_suspiria,
          mainiacjoe_overflow_surrounded_room,
          hellmonk_okawaru_the_only_friend_you_need, uniq_robin

Skill      XL: |  1  2  3  4  5  6 |
---------------+-------------------+-----
Maces & Flails | 3 |  3.8
Fire Magic     | 3 |  3.9
Spellcasting   | 2 3 |  3.4
Fighting       | 5 |  5.6
Ice Magic      | 1 |  1.2

Action                     |  1- 3 |  4- 6 || total
---------------------------+-------+-------++-------
  Melee: Mace              |    38 |    61 ||    99
         Punch             |     1 |     2 ||     3
   Fire: Sling             |    11 |       ||    11
   Cast: Scorch            |    20 |    74 ||    94
 Invoke: Fiery Armour      |       |     2 ||     2
 Armour: Robe              |    26 |    23 ||    49
  Dodge: Dodged            |    34 |    49 ||    83
         Repelled          |       |     2 ||     2
